cohdb
Replays
Latest Replays
All Replays
Popular Replays
Top Player Replays
Match Explorer
How It Works
Community
CoH3 Stats
Reddit
Sign in to upload your games and track your stats! →
Sign in with Steam
Match 47347362
Unlisted
Match 47347362
Overview
Messages
Build Orders
End
Construct Infanterie Kompanie
Kettenkrad Recon Vehicle
Selects Luftwaffe Battlegroup
Selects Luftwaffe Pioneer Support
MG 42 Machine Gun Team
Grenadier Squad
Grenadier Squad
Construct Panzergrenadier Kompanie
Selects Stuka Strafing Run
251 Medium Carrier
Pak 40 Anti-tank Gun Team
Stuka Strafing Run
Construct Panzer Kompanie
Stuka Strafing Run
Fallschirmpioneer Squad Paradrop
Selects Fallschirmjäger Squad Paradrop
Selects Stuka Loiter
Stuka Loiter
Panzer IV Medium Tank
Fallschirmpioneer Squad Paradrop
Stuka Strafing Run
Side Skirts
Stuka Strafing Run
Panzer IV Medium Tank
我小叮当今晚要搞事!
moemoe
likewind3
中发白
Kakamora
inc.
spinn72
Altair9527
0
0
Comments
sign in to comment!
No comments posted yet!